 Dungeon Crawl Stone Soup version 0.17-a0-987-g15e8808 (webtiles) character file.

79 saltylemon the Chopper (level 4, -2/34 HPs)
             Began as a Demonspawn Gladiator on May 12, 2015.
             Was an Initiate of Nemelex Xobeh.
             Killed by nerve-wracking pain
             ... invoked by Grinder
              (5 damage)
             ... on level 3 of the Dungeon.
             The game lasted 00:04:37 (1210 turns).

saltylemon the Chopper (Demonspawn Gladiator)       Turns: 1210, Time: 00:04:37

Health: -2/34      AC: 10    Str: 17    XL:     4   Next: 16%
Magic:  4/4        EV: 11    Int:  9    God:    Nemelex Xobeh [......]
Gold:   57         SH:  0    Dex: 13    Spells: 0 memorised, 3 levels left

rFire  . . .     SeeInvis .     a - +0 war axe
rCold  . . .     Clarity  .     p - +0 scale mail
rNeg   . . .     SustAb   .     (no shield)
rPois  .         Gourm    .     c - +0 helmet
rElec  .         Spirit   .     f - +2 cloak
rCorr  .         Warding  .     (no gloves)
rMut   .         Stasis   .     (no boots)
MR     .....                    (no amulet)
Stlth  +.........               (no ring)
                                k - ring of invisibility

@: not resistant to hostile enchantments, very unstealthy
A: nightstalker 1, powered by pain 1
a: Renounce Religion, Evoke Invisibility


You were on level 3 of the Dungeon.
You worshipped Nemelex Xobeh.
Nemelex Xobeh was noncommittal.
You were very hungry.

You visited 1 branch of the dungeon, and saw 3 of its levels.

You collected 57 gold pieces.

Inventory:

Hand weapons
 a - a +0 war axe (weapon)
Missiles
 d - a throwing net (quivered)
Armour
 b - a +0 leather armour
 c - a +0 helmet (worn)
 f - a +2 cloak (worn)
 j - a +0 ring mail
 p - a +0 scale mail (worn)
Jewellery
 k - a ring of invisibility (left hand)
Magical devices
 l - a wand of enslavement (0)
Scrolls
 q - a scroll of fear {unknown}
Potions
 i - a potion of haste {unknown}
 m - a potion of degeneration {unknown}
 n - a potion of heal wounds {unknown}
 o - a potion of curing {unknown}
Miscellaneous
 h - a plain deck of war
Comestibles
 e - a bread ration
 g - 4 fruits


   Skills:
 + Level 2.4 Fighting
 + Level 3.4 Axes
 + Level 2.0 Throwing
 + Level 1.0 Armour
 + Level 3.4 Dodging


You had 3 spell levels left.
You didn't know any spells.

Dungeon Overview and Level Annotations

Branches:
Dungeon (3/15)

Altars:
Cheibriados
Nemelex Xobeh

Annotations:
D:3 Grinder


Innate Abilities, Weirdness & Mutations

You are slightly more attuned to the shadows.
You sometimes gain a little power by taking damage.


Message History

Grinder is heavily wounded.
Grinder hits you but does no damage.
You barely miss Grinder.
Grinder is heavily wounded.
Grinder gestures at you. You resist with significant effort.
Grinder gestures at you. You resist with significant effort.
You closely miss Grinder.
Grinder is heavily wounded.
Grinder completely misses you.
You slash Grinder!
Grinder is severely wounded.
Grinder closely misses you.
You slash Grinder!
Grinder is almost dead.
Grinder gestures at you. Pain shoots through your body!
You die...
Your body disappears without a glow.

##############
......@5....(##
########<......
#.###.## #.# .#
... #.# #.# ..#


You could see Grinder.

Vanquished Creatures
  Ijyb (D:2)
  4 adders (D:2)
  A worm (D:2)
  2 ball pythons (D:2)
  A bat (D:2)
  A giant cockroach (D:2)
  A quokka (D:2)
  A giant newt (D:2)
  A goblin (D:2)
  3 kobolds (D:2)
  2 rats (D:2)
18 creatures vanquished.

Notes
Turn   | Place    | Note
--------------------------------------------------------------
     0 | D:1      | saltylemon the Demonspawn Gladiator began the quest for the Orb.
     0 | D:1      | Reached XP level 1. HP: 16/16 MP: 1/1
    66 | D:2      | Found a sparkling altar of Nemelex Xobeh.
   110 | D:2      | Became a worshipper of Nemelex Xobeh the Trickster
   116 | D:2      | Reached skill level 3 in Axes
   116 | D:2      | Gained mutation: You sometimes gain a little power by taking damage. [demonic ancestry]
   116 | D:2      | Reached XP level 2. HP: 16/22 MP: 2/2
   118 | D:2      | Received a gift from Nemelex Xobeh
   508 | D:2      | Reached XP level 3. HP: 18/28 MP: 3/3
   540 | D:2      | Found a snail-covered altar of Cheibriados.
   833 | D:2      | Noticed Ijyb
   874 | D:2      | Killed Ijyb
   874 | D:2      | Reached skill level 1 in Armour
   874 | D:2      | Gained mutation: You are slightly more attuned to the shadows. [demonic ancestry]
   874 | D:2      | Reached XP level 4. HP: 29/34 MP: 4/4
  1184 | D:3      | Noticed Grinder
  1194 | D:3      | Paralysed by Grinder for 4 turns
  1210 | D:3      | Killed from afar by Grinder

Vault maps used:
D:1:      lemuel_arrival_river_passageway, nrook_mini_backslash
D:2:      nicolae_overflow_crystal_walls, cheibriados_altar_1,
          lemuel_coloured_pillars_altar, minmay_strange_pillars, uniq_iyjb
D:3:      tgw_trog, nicolae_ashenzari_panopticon, uniq_grinder

Action                   |  1- 3 |  4- 6 || total
-------------------------+-------+-------++-------
Melee: War axe           |    74 |    25 ||    99
Throw: Throwing net      |     3 |     2 ||     5
